 Dungeon Crawl Stone Soup version 0.31-a0-182-gc5ef74bbde (webtiles) character file.

Game seed: 575403103431966010

28 gelatine the Chopper (level 2, 0/22 HPs)
             Began as a Demonspawn Gladiator on June 21, 2023.
             Slain by a black bear (1 damage)
             ... on level 4 of the Dungeon.
             The game lasted 00:03:01 (819 turns).

gelatine the Chopper (Demonspawn Gladiator)          Turns: 819, Time: 00:03:03

Health: 0/22       AC:  7    Str: 14    XL:     2   Next: 96%
Magic:  2/2        EV: 11    Int:  9    God:
Gold:   83         SH:  4    Dex: 14    Spells: 1/1 levels left

rFire   . . .        a - +0 war axe
rCold   . . .        (no shield)
rNeg    . . .        f - +0 ring mail
rPois   .            c - +0 helmet
rElec   .            j - +0 cloak
rCorr   .            (no gloves)
SInv    .            (no boots)
Will    .....        (no amulet)
Stlth   +            (no ring)
HPRegen 0.23/turn    (no ring)
MPRegen 0.08/turn

%: no passive effects
@: no status effects
A: condensation shield
a: no special abilities


You were on level 4 of the Dungeon.
You visited 1 branch of the dungeon, and saw 3 of its levels.

You collected 83 gold pieces.

Inventory:

Hand Weapons
 a - a +0 war axe (weapon)
Missiles
 d - 3 throwing nets
 e - a javelin
Armour
 b - a +0 leather armour
 c - a +0 helmet (worn)
 f - a +0 ring mail (worn)
 j - a +0 cloak (worn)
Scrolls
 h - a scroll of identify {unknown}
 i - 2 scrolls of teleportation {unknown}


   Skills:
 * Level 2.1 Fighting
 * Level 3.1 Axes
 * Level 2.1 Throwing
 * Level 0.4 Armour
 * Level 2.9 Dodging


You had one spell level left.
You didn't know any spells.
Your spell library was empty.

Dungeon Overview and Level Annotations

Branches:
Dungeon (2/15)

Altars:


Innate Abilities, Weirdness & Mutations

A meltable shield of frost defends you. (SH +4)


Message History

The goblin is severely wounded.
The goblin closely misses you.
You hit the goblin.
You kill the goblin!
You see here a +0 dagger.
Things that are here:
a +0 falchion; a +0 ring mail HP restored.
You see here a +0 dagger.
A kobold comes into view.
It is wielding a +0 club and quivering poisoned darts.
The kobold throws a poisoned dart.
The poisoned dart hits you!
You are poisoned.
A black bear comes into view.
You feel sick. The kobold hits you with a +0 club.
You barely miss the kobold.
You feel very sick. The kobold closely misses you.
You slash the kobold!
You kill the kobold!
You feel sick.
You closely miss the black bear.
You feel sick. The black bear completely misses you.
The black bear claws you but does no damage. x2
You slash the black bear!
The black bear is heavily wounded.
You feel sick. The black bear misses you. The black bear closely misses you.
The black bear claws you but does no damage.
You slash the black bear!
The black bear is severely wounded.
You feel sick.
You are no longer poisoned.
The black bear goes berserk!
You slash the black bear!
The black bear is almost dead.
The black bear bites you!
* * * LOW HITPOINT WARNING * * *
The black bear claws you.
* * * LOW HITPOINT WARNING * * *
The black bear claws you.
You die...

#.# ### ..# ..#
#### ..# #.#
..... #.# #.#
..... #.# #.#
...... #.# #.#
....# #.# #.#
#.h##
#.########.# #@##
#...)).....#
##.###.##########
##.#.........
##..........
#..........
##......>..
..........
...........
...........


You could see a black bear (berserk).

Vanquished Creatures
  An orc (D:4)
  A bat (D:1)
  3 endoplasms (D:1)
  A giant cockroach (D:1)
  3 goblins
  3 hobgoblins (D:1)
  4 ball pythons (D:1)
  3 frilled lizards
  2 kobolds
  3 rats (D:1)
24 creatures vanquished.

Notes
Turn   | Place    | Note
-------+----------+-------------------------------------------
     0 | D:1      | gelatine the Demonspawn Gladiator began the quest for the
                  | Orb.
     0 | D:1      | Reached XP level 1. HP: 16/16 MP: 1/1
   285 | D:1      | Gained mutation: A meltable shield of frost defends you.
                  | (SH +4) [demonic ancestry]
   285 | D:1      | Reached XP level 2. HP: 21/22 MP: 2/2
   403 | D:1      | Reached skill level 3 in Axes
   758 | D:2      | You fall into a shaft and drop 2 floors!
   812 | D:4      | Noticed a black bear
   819 | D:4      | HP: 1/22 [black bear (3)]
   819 | D:4      | Slain by a black bear

Illustrated notes

Levels and vault maps discovered:
D:1:      minmay_arrival_shattered_statue, layout_basic
D:2:      layout_loops_ring, uniq_crazy_yiuf_cottage, uniq_terence
D:4:      kennysheep_goblin_castle, layout_layer_cave,
          mainiacjoe_overflow_small_starburst, led_sif_book,
          fedhas_altar_decomposition, hellmonk_ghost_happy_afterlife,
          minivault_5, nicolae_shop_gadgets

Skill      XL: |  1  2 |
---------------+-------+-----
Axes           | 3 |  3.1
Throwing       | 2 |  2.1
Fighting       | |  2.1
Armour         | |  0.4
Dodging        | |  2.9

Action                     || total
---------------------------++-------
  Melee: War axe           ||    50
         Punch             ||     2
  Throw: Stone             ||    45
 Armour: Ring mail         ||    18
  Dodge: Dodged            ||    31
  Block: Other             ||     5

Table legend: (Time is in decaauts)
 A = Elapsed time spent in this place.
 B = Non-inter-level travel time spent in this place.
 C = Inter-level travel time spent in this place.
 D = Time resting spent in this place.
 E = Time spent auto-exploring this place.
 F = Levels seen in this place.
 G = Mean time per level.
                   A        B        C        D        E       F      G
               +--------+--------+--------+--------+--------+-----+--------+
         Total |    837 |    813 |     24 |      0 |    593 |   3 |  279.0 |
       Dungeon |    837 |    813 |     24 |      0 |    593 |   3 |  279.0 |
               +--------+--------+--------+--------+--------+-----+--------+

Top non-repeatable levels by time:
     D:1: 763 daAuts
     D:4: 65 daAuts
     D:2: 8 daAuts
